 Dungeon Crawl Stone Soup version 0.25.1-9-gc5326a611f (webtiles) character file.

Game seed: 3905474581430024030

35 theanonym the Vexing (level 3, -2/26 HPs)
             Began as a Mummy Enchanter on Sept 1, 2021.
             Slain by an adder (3 damage)
             ... on level 2 of the Dungeon.
             The game lasted 00:02:07 (1935 turns).

theanonym the Vexing (Mummy Enchanter)              Turns: 1935, Time: 00:02:08

Health: -2/26      AC:  3    Str: 12    XL:     3   Next: 17%
Magic:  7/7        EV: 12    Int: 14    God:
Gold:   113        SH:  0    Dex: 12    Spells: 6/7 levels left

rFire    x . .     SeeInvis .   a - +0 spear
rCold    + . .     Gourm    .   (no shield)
rNeg     + + +     Faith    .   b - +0 robe
rPois    ∞         Spirit   .   (no helmet)
rElec    .         Reflect  .   g - +0 cloak
rCorr    +         Harm     .   (no gloves)
MR       .....                  (no boots)
Stlth    ++........             (no amulet)
HPRegen  0.08/turn              (no ring)
MPRegen  0.10/turn              f - ring of resist corrosion

@: no status effects
A: no food or potions, fire vulnerability, cold resistance 1, negative energy
resistance 3, torment resistance, unbreathing
a: no special abilities


Innate Abilities, Weirdness & Mutations

You do not eat or drink.
Your flesh is vulnerable to fire.
You are immune to poison.
Your flesh is cold resistant. (rC+)
You are immune to negative energy. (rN+++)
You are immune to unholy pain and torment.
You can survive without breathing.


   Skills:
 + Level 1.6 Fighting
   Level 0.7 Short Blades
 * Level 1.7 Polearms
 - Level 1.5 Dodging
 - Level 2.4 Stealth
 - Level 2.6 Spellcasting
 - Level 2.6 Hexes


You had 6 spell levels left.
You knew the following spells:

 Your Spells              Type           Power        Failure   Level  Hunger
a - Corona                Hex            #......      8%          1    N/A

Your spell library contained the following spells:

 Spells                   Type           Power        Failure   Level  Hunger
 Ensorcelled Hibernation  Hex/Ice        #.....       19%         2    N/A
 Confusing Touch          Hex            #.......     22%         3    N/A
 Tukima's Dance           Hex            #.......     22%         3    N/A
 Dazzling Flash           Conj/Hex       #.....       36%         3    N/A

Skill      XL: |  1  2 |
---------------+-------+-----
Fighting       | 1 |  1.6
Polearms       | 1 |  1.7
Short Blades   | |  0.7
Dodging        | |  1.5
Stealth        | |  2.4
Spellcasting   | |  2.6
Hexes          | |  2.6

Action                   || total
-------------------------++-------
Melee: Spear             ||   138
       Dagger            ||     7
  Use: Scroll            ||     1
 Stab: Sleeping          ||     8
       Distracted        ||     1
Armor: Robe              ||    27
Dodge: Dodged            ||    80

Inventory:

Hand Weapons
 a - a +0 spear (weapon)
Armour
 b - a +0 robe (worn)
 g - a +0 cloak (worn)
Jewellery
 f - a ring of resist corrosion (right hand)
 h - an uncursed ring of ice {rC++ rF-}
Scrolls
 c - a scroll of teleportation {unknown}
 i - 2 scrolls of identify {unknown}
 j - a scroll of amnesia {unknown}
 k - a scroll of noise {unknown}
 n - a scroll of remove curse


You were on level 2 of the Dungeon.
You were not hungry.

You visited 1 branch of the dungeon, and saw 2 of its levels.

You collected 113 gold pieces.

Dungeon Overview and Level Annotations

Branches:
Dungeon (2/15)

Altars:

###.............#
#[##.#...####.#
#.##.## ##.## ###
#.##.####...##..!.
.##...)%...<.....#
.........###...####
.......†.# ##.##
#.######.# #.# #
#.# #@# #.# #S##
#.# #..# #.# ##K#
#.# #...# #..
..$#..[ ######.
..... ## ##..##
.#.#


You could see an adder and a kobold.

Notes
Turn   | Place    | Note
-------+----------+-------------------------------------------
     0 | D:1      | theanonym the Mummy Enchanter began the quest for the Orb.
     0 | D:1      | Reached XP level 1. HP: 13/13 MP: 4/4
   241 | D:1      | HP: 4/14 [kobold/+0 short sword (4)]
   242 | D:1      | Reached skill level 1 in Fighting
   480 | D:1      | Reached XP level 2. HP: 21/21 MP: 5/5
   553 | D:1      | Reached skill level 1 in Polearms
   657 | D:1      | HP: 7/21 [hobgoblin (4)]
   662 | D:1      | HP: 5/21 [hobgoblin (2)]
  1365 | D:1      | Reached XP level 3. HP: 26/26 MP: 7/7
  1690 | D:2      | HP: 12/26 [worm (5)]
  1928 | D:2      | HP: 12/26 [adder (3)]
  1932 | D:2      | HP: 1/26 [adder (5)]
  1935 | D:2      | Slain by an adder

Vanquished Creatures
  An ooze (D:1)
  A worm (D:1)
  A ball python (D:1)
  3 bats (D:1)
  5 giant cockroaches (D:1)
  3 goblins
  2 hobgoblins (D:1)
  5 frilled lizards (D:1)
  2 kobolds (D:1)
  5 rats
28 creatures vanquished.

Vanquished Creatures (others)
  4 toadstools (D:1)
4 creatures vanquished.

Grand Total: 32 creatures vanquished

Table legend:
 A = Turns spent in this place as a percentage of turns spent in the entire game.
 B = Non-inter-level travel turns spent in this place as a percentage of non-inter-level travel turns spent in the entire game.
 C = Inter-level travel turns spent in this place as a percentage of turns spent in this place.
 D = Turns resting spent in this place as a percentage of non-inter-level travel turns spent in this place.
 E = Turns spent auto-exploring this place as a percentage of non-inter-level travel turns spent in this place.
 F = Non-inter-level travel turns spent in this place divided by the number of levels of this place that you've seen.
                   A       B       C       D       E      F
               +-------+-------+-------+-------+-------+----------------------
         Total | 100.0 | 100.0 |   7.2 |  41.0 |  42.1 | 898.0
       Dungeon | 100.0 | 100.0 |   7.2 |  41.0 |  42.1 | 898.0
               +-------+-------+-------+-------+-------+----------------------
